 Dungeon Crawl Stone Soup version 0.31-a0-358-gac0dbeb3ab (webtiles) character file.

Game seed: 18404860709540354182

13482 LustLizard the Grappler (level 12, -1/74 HPs)
             Began as an Octopode Shapeshifter on July 25, 2023.
             Was an Elder of Hepliaklqana.
             Slain by a tengu warrior
             ... wielding a +0 great sword
              (4 damage)
             ... on level 12 of the Dungeon.
             The game lasted 00:27:16 (14469 turns).

LustLizard the Grappler (Octopode Shapeshifter)    Turns: 14469, Time: 00:27:17

Health: -1/74      AC: -3    Str: 22    XL:     12   Next: 6%
Magic:  16/16      EV: 17    Int: 12    God:    Hepliaklqana [****..]
Gold:   729        SH:  0    Dex: 20    Spells: 9/11 levels left

rFire   . .          .
                       - Unarmed
rCold   . . .        (no shield)
rNeg    . . .        (helmet currently unavailable)
rPois   .            c - amulet of the acrobat
rElec   .            j - +6 ring of dexterity
rCorr   .            y - +6 ring of strength
SInv    .            (no ring)
Will    .....        (no ring)
Stlth   ++++         (no ring)
HPRegen 0.32/turn    (no ring)
MPRegen 0.15/turn    (no ring)
                     (no ring)

%: acrobat
@: beast-form, corroded
A: beast (slay +5), reduced essence, almost no armour, amphibious, 8 rings,
camouflage 1, gelatinous body 1, (nimble swimmer 1), tentacles
a: Begin Untransformation, Renounce Religion, Recall Ancestor, Ancestor
Identity, Transference, Idealise


You were on level 12 of the Dungeon.
You worshipped Hepliaklqana.
Hepliaklqana was greatly pleased with you.
You were a hulking beast.
You visited 1 branch of the dungeon, and saw 12 of its levels.
You also visited: Sewer.

You collected 729 gold pieces.

Inventory:

Missiles
 m - 3 curare-tipped darts
 x - 33 poisoned darts
 D - 2 throwing nets
Armour
 E - a +2 hat of stealth
Jewellery
 c - an amulet of the acrobat (around mantle)
 j - a +6 ring of dexterity (left tentacle)
 y - a +6 ring of strength (right tentacle)
 C - the necklace of Bloodlust {Fury *Rage Will++ Int-3 Slay+6}
   (You found it on level 7 of the Dungeon)

   [amulet of nothing]

   Fury:      It extends the wearer's berserk rage when killing foes.
   Int:       It affects your intelligence (-3).
   Slay:      It affects your accuracy & damage with ranged weapons and melee
   (+6).
   *Rage:     It berserks you when you make melee attacks (+50% chance).
   Will:      It greatly increases your willpower.
 G - an amulet of reflection
Talismans
 b - a beast talisman
Wands
 q - a wand of paralysis (11)
 z - a wand of flame (13)
Scrolls
 d - 7 scrolls of brand weapon {unknown}
 e - 2 scrolls of fog {unknown}
 g - 6 scrolls of teleportation
 h - a scroll of enchant weapon {unknown}
 i - 3 scrolls of amnesia {unknown}
 k - 2 scrolls of enchant armour
 l - a scroll of vulnerability {unknown}
 A - a scroll of fear {unknown}
 B - 2 scrolls of revelation {unknown}
 H - 4 scrolls of immolation {unknown}
 J - a scroll of blinking {unknown}
 K - a scroll of poison {unknown}
Potions
 a - 2 potions of enlightenment
 f - 7 potions of curing
 n - 2 potions of berserk rage
 o - a potion of ambrosia
 p - 3 potions of brilliance
 r - 2 potions of resistance
 s - 3 potions of haste
 t - 5 potions of cancellation
 u - 2 potions of invisibility
 v - 2 potions of heal wounds
 w - a potion of might {unknown}
 F - a potion of lignification
 I - a potion of attraction {unknown}
Miscellaneous
 L - a condenser vane


   Skills:
 + Level 8.2 Fighting
 + Level 6.3 Dodging
 - Level 4.0 Stealth
 * Level 11.9 Unarmed Combat
 + Level 4.7 Translocations
 + Level 6.3 Invocations
 + Level 7.4 Shapeshifting


You had 9 spell levels left.
You knew the following spells:

 Your Spells              Type           Power      Damage    Failure   Level
a - Blink                 Tloc           22%        N/A       7%          2

Your spell library contained the following spells:

 Spells                   Type           Power      Damage    Failure   Level
 Slow                     Hex            0%         N/A       32%         1
 Manifold Assault         Tloc           11%        N/A       43%         4
 Sublimation of Blood     Necr           0%         N/A       45%         2
 Confusing Touch          Hex            0%         N/A       69%         3
 Vampiric Draining        Necr           0%         2d6       69%         3
 Petrify                  Tmut/Erth      0%         N/A       97%         4
 Alistair's Intoxication  Tmut/Pois      0%         N/A       100%        5
 Borgnjor's Vile Clutch   Necr/Erth      0%         N/A       100%        5
 Irradiate                Conj/Tmut      0%         3d11      100%        5
 Dispersal                Tloc           5%         N/A       100%        6
 Eringya's Noxious Bog    Tmut/Pois      0%         4d6       100%        6
 Disjunction              Tloc           5%         N/A       100%        8


Dungeon Overview and Level Annotations

Branches:
Dungeon (12/15)            Temple (0/1) D:7            Lair (0/5) D:11
    Orc (0/2) D:9           Sewer (visited)

Altars:
Ashenzari
Elyvilon
Fedhas
Gozag
Hepliaklqana
Kikubaaqudgha
Okawaru
Ru
Vehumet

Annotations:
D:7 exclusion: door
D:10 2 transporters, hashsling's ghost, journeyman GrEE


Innate Abilities, Weirdness & Mutations

You are a hulking beast.
Your limbs bulge with bestial killing power. (Slay +5)
Your life essence is reduced to manifest your ancestor. (-10% HP)
You cannot wear most types of armour.
You are amphibious.
You can wear up to eight rings at the same time.
Your skin changes colour to match your surroundings (Stealth+).
Your rubbery body absorbs attacks. (AC +1, EV +1)
((You are camouflaged when in or above water. (Stealth+)))
You have tentacles for arms and can constrict up to eight enemies at once.


Message History

a +0 trident; a +0 chain mail
There is an open door, spattered with blood here.
Items here: )) [ รทรท.
There is an open door here.
There is an open door here.
There is an open door here.
You open the door.
Found a stone staircase leading down.
There is an open door here.
H - 4 scrolls labelled ASIFOQ HUMUCS (gained 1)
Found an escape hatch in the floor.
There is a stone staircase leading down here.
You open the door.
There is an open door here.
d - 7 scrolls labelled ZOYCA LAMIM (gained 3)
There is an open door here.
You swap places.
There is an open door here.
There is an open door here.
There is an open door here.
Found a staircase to the Lair.
Done exploring.
Done exploring.
You swap places.
There is a stone staircase leading down here.
You climb downwards.
The tengu warrior hits you with a +0 great sword!
The tengu warrior pecks you. The tengu warrior claws you.
The acid dragon spits acid at you.
The splash of acid misses Aula.
The splash of acid hits you! The acid corrodes you!
The tengu warrior closely misses you. The tengu warrior pecks you!
The tengu warrior claws you.
There is a stone staircase leading up, spattered with blood here.
The kobold demonologist casts a spell.
The tengu warrior hits you with a +0 great sword!!
* * * LOW HITPOINT WARNING * * *
The tengu warrior pecks you.
* * * LOW HITPOINT WARNING * * *
The tengu warrior claws you.
You die...

########### #########
..........[.
....Q.R.Q## #........
.........# #........
.........## ##........
..........###..(......
.4....................
....D.................
.K....................
............[........


You could see the friendly Aula the battlemage, a tengu warrior (ally target), a
kobold demonologist, a red devil (summoned), a tengu conjurer and an acid dragon
(catching breath).

Vanquished Creatures
  A hydra (D:9)
  2 two-headed ogres
  Nergalle (D:12)
  A deep troll (D:7)
  Pikel (D:7)
  A manticore (D:11)
  A cyclops (D:11)
  A komodo dragon (D:7)
  2 trolls
  2 hornets
  Grinder (D:6)
  Sigmund (D:4)
  A wyvern (D:7)
  Eustachio (D:6)
  12 yaks
  4 vampire mosquitoes (D:9)
  Menkaure (D:6)
  An acid dragon (D:11)
  Duvessa (D:4)
  A water moccasin (D:5)
  4 orc warriors
  3 centaurs
  3 lemures (D:7)
  3 kobold brigands
  A phantom (D:5)
  A scorpion (D:5)
  3 bullfrogs
  Dowan (D:4)
  5 killer bees
  2 howler monkeys (D:8)
  3 jellies
  3 hounds
  7 orc priests
  2 gnoll boudas (D:8)
  An iguana (D:5)
  Natasha (twice) (D:3)
  14 orc wizards
  4 sleepcaps
  6 gnolls
  6 adders
  A river rat (D:4)
  4 worms
  3 dart slugs
  44 orcs
  3 ball pythons
  6 endoplasms
  7 giant cockroaches
  4 goblins (D:2)
  7 hobgoblins
  4 jackals (D:3)
  3 quokkas
  6 bats
  5 frilled lizards
  22 kobolds
  13 rats
243 creatures vanquished.

Vanquished Creatures (collateral kills)
  A troll (D:10)
  5 yaks
  A steam dragon (D:8)
  2 orc warriors (D:11)
  2 ice beasts (D:8)
  A centaur (D:6)
  A lemure (D:7)
  A kobold brigand (D:10)
  4 killer bees
  2 howler monkeys
  2 jellies (D:7)
  2 orc priests
  A hound (D:6)
  6 orc wizards
  Ijyb (D:3)
  3 gnolls
  A river rat (D:4)
  An adder (D:5)
  A shadow imp (D:5)
  An ufetubus (D:7)
  34 orcs
  2 bats (Sewer)
  An endoplasm (D:4)
  A giant cockroach (D:4)
  A goblin (D:3)
  A hobgoblin (D:4)
  2 jackals (D:4)
  10 kobolds
91 creatures vanquished.

Vanquished Creatures (others)
  8 battlemagi
  A shadow imp (D:8)
  3 ancestors
12 creatures vanquished.

Grand Total: 346 creatures vanquished

Notes
Turn   | Place    | Note
-------+----------+-------------------------------------------
     0 | D:1      | LustLizard the Octopode Shapeshifter began the quest for
                  | the Orb.
     0 | D:1      | Reached XP level 1. HP: 13/13 MP: 1/1
   280 | D:1      | Reached XP level 2. HP: 6/18 MP: 2/2
   674 | D:2      | Reached skill level 1 in Stealth
   754 | D:2      | Found a hazy altar of Hepliaklqana.
   775 | D:2      | Became a worshipper of Hepliaklqana the Forgotten
   957 | D:2      | Reached XP level 3. HP: 23/23 MP: 3/3
  1620 | D:2      | Reached * piety under Hepliaklqana
  2005 | D:3      | Reached XP level 4. HP: 14/26 MP: 4/4
  2119 | D:3      | Found an iron altar of Okawaru.
  2142 | D:3      | Found an ancient bone altar of Kikubaaqudgha.
  2205 | D:3      | Noticed Natasha
  2209 | D:3      | Killed Natasha
  2210 | D:3      | Reached skill level 4 in Unarmed Combat
  2426 | D:3      | Reached XP level 5. HP: 30/30 MP: 5/5
  2539 | D:3      | Noticed Ijyb
  2549 | D:3      | Paralysed by Ijyb for 4 turns
  2558 | D:3      | Killed Ijyb
  2878 | D:3      | Noticed Natasha
  2885 | D:3      | Killed Natasha
  5390 | D:3      | Upgraded the game from 0.31-a0-355-g57cb03d3e8 to
                  | 0.31-a0-358-gac0dbeb3ab
  5529 | D:4      | Noticed Dowan
  5538 | D:4      | Reached XP level 6. HP: 19/36 MP: 6/6
  5564 | D:4      | Noticed Duvessa
  5575 | D:4      | Killed Duvessa
  5576 | D:4      | Reached skill level 5 in Unarmed Combat
  5595 | D:4      | Killed Dowan
  5596 | D:4      | Reached XP level 7. HP: 25/41 MP: 7/7
  5721 | D:4      | Found a glowing drain.
  5727 | Sewer    | Entered a sewer
  6044 | D:4      | Found a sacrificial altar of Ru.
  6305 | D:4      | Noticed Sigmund
  6314 | D:4      | Killed Sigmund
  6315 | D:4      | Reached skill level 6 in Unarmed Combat
  6517 | D:5      | Entered Level 5 of the Dungeon
  6521 | D:5      | Reached XP level 8. HP: 43/48 MP: 8/8
  6713 | D:5      | Reached skill level 7 in Unarmed Combat
  6822 | D:5      | Reached ** piety under Hepliaklqana
  6829 | D:5      | Remembered your ancestor Aula as a battlemage
  6958 | D:5      | Reached skill level 5 in Shapeshifting
  7130 | D:5      | Reached skill level 5 in Fighting
  7603 | D:6      | Found a large runed translucent door.
  7603 | D:6      | Found a large runed translucent door.
  7636 | D:6      | Reached skill level 8 in Unarmed Combat
  7685 | D:6      | Reached XP level 9. HP: 46/54 MP: 9/9
  7687 | D:6      | Noticed Eustachio
  7693 | D:6      | Killed Eustachio
  7928 | D:6      | Noticed Grinder
  7930 | D:6      | Paralysed by Grinder for 4 turns
  7935 | D:6      | Killed Grinder
  8153 | D:6      | Noticed Menkaure
  8156 | D:6      | Killed Menkaure
  8157 | D:6      | Reached skill level 1 in Invocations
  8357 | D:6      | Found a white marble altar of Elyvilon.
  8382 | D:6      | Found a blossoming altar of Fedhas.
  8421 | D:7      | Noticed Pikel
  8445 | D:7      | Killed Pikel
  8446 | D:7      | Reached skill level 9 in Unarmed Combat
  8457 | D:7      | Reached *** piety under Hepliaklqana
  8541 | D:7      | Noticed a komodo dragon
  8556 | D:7      | Killed a komodo dragon
  8637 | D:7      | Noticed a hornet
  9042 | D:7      | Reached XP level 10. HP: 62/62 MP: 12/12
  9155 | D:7      | Found a staircase to the Ecumenical Temple.
  9237 | D:7      | Learned a level 2 spell: Blink
  9543 | D:7      | Noticed a deep troll
  9556 | D:7      | Killed a deep troll
  9557 | D:7      | Reached skill level 10 in Unarmed Combat
  9557 | D:7      | Reached skill level 1 in Translocations
  9560 | D:7      | Found the necklace of Bloodlust {Fury *Rage Will++ Int-3
                  | Slay+6}
 10030 | D:8      | Reached **** piety under Hepliaklqana
 10685 | D:9      | You fall into a shaft and drop 3 floors!
 10692 | D:12     | Noticed Nergalle
 10695 | D:12     | Noticed a spectral orc warlord
 10702 | D:12     | Killed Nergalle
 10849 | D:12     | Noticed a kobold demonologist
 10854 | D:12     | Noticed a tengu warrior
 11009 | D:10     | Entered Level 10 of the Dungeon
 11111 | D:10     | Reached XP level 11. HP: 66/67 MP: 14/14
 11158 | D:10     | Reached skill level 5 in Dodging
 11285 | D:10     | Found a transporter.
 11294 | D:10     | Found a transporter.
 11295 | D:10     | Noticed hashsling's ghost (journeyman GrEE)
 11321 | D:10     | Reached skill level 5 in Invocations
 11543 | D:10     | Found a broken altar of Ashenzari.
 11606 | D:10     | Found a radiant altar of Vehumet.
 11722 | D:9      | Found an opulent altar of Gozag.
 11760 | D:9      | Reached skill level 11 in Unarmed Combat
 12039 | D:9      | Found a staircase to the Orcish Mines.
 12335 | D:9      | Noticed an eight-headed hydra
 12348 | D:9      | Killed an eight-headed hydra
 13034 | D:10     | Noticed a two-headed ogre
 13046 | D:10     | Killed a two-headed ogre
 13392 | D:11     | Identified the +9 scimitar of Zin's Condemnation {heavy,
                  | rElec MP+9}
 13436 | D:11     | Noticed a manticore
 13442 | D:11     | Killed a manticore
 13829 | D:11     | Noticed a cyclops
 13835 | D:11     | Killed a cyclops
 14057 | D:11     | Noticed a two-headed ogre
 14090 | D:11     | Killed a two-headed ogre
 14091 | D:11     | Reached XP level 12. HP: 6/74 MP: 16/16
 14445 | D:11     | Found a staircase to the Lair.
 14469 | D:12     | HP: 3/74 [tengu warrior/+0 great sword (4)]
 14469 | D:12     | Slain by a tengu warrior

Illustrated notes

Levels and vault maps discovered:
D:1:      roderic_dead_forest, layout_basic
D:2:      layout_loops_ring, basic_altar, serial_co_window_serial,
          co_window_corner_a, co_window_paths_a, co_window_corner_a,
          co_window_paths_b, co_window_corner_a, co_window_paths_a,
          co_window_unsneaky_path_e, co_window_of_opportunity_c,
          co_window_corner_ca, co_window_2corner, co_window_paths_c,
          co_window_broadway_b, co_window_4corner_a, glass_columns_b,
          minmay_bisected
D:3:      minmay_inner_zag, layout_loops_ring, mainiacjoe_overflow_two_lobes,
          uniq_natasha, uniq_ijyb
D:4:      layout_rooms, kennysheep_mini_moat, portal_sewer_entry_e,
          uniq_sigmund, uniq_duvessa
D:5:      layout_loops_ring, guppyfry_early_orc_mine
D:6:      layout_basic, jmf_multi_god_temple2, uniq_grinder, uniq_eustachio,
          uniq_menkaure
D:7:      layout_gridville, minmay_temple_entry_junction,
          hellmonk_guarded_unrand_vitality_bloodlust, uniq_pikel
D:8:      layout_basic
D:9:      layout_loops_cross, grunt_gozag_statues, hiddenorc2_lemuel,
          minmay_misc_feat_rugged
D:10:     layout_loops_ring, mainiacjoe_overflow_surrounded_room,
          nicolae_vehumet_radiance, gammafunk_ghost_hive,
          kennysheep_generic_room_15
D:11:     layout_roguey, lair_entry_dummy, minmay_strange_pillars
D:12:     layout_big_octagon, uniq_nergalle

Skill      XL: |  1  2  3  4  5  6  7  8  9 10 11 |
---------------+----------------------------------+-----
Stealth        | 1 2 3 4 |  4.0
Fighting       | 2 3 4 5 6 7 8 |  8.2
Unarmed Combat | 4 5 6 8 9 10 11 | 11.9
Shapeshifting  | 4 5 6 7 |  7.4
Invocations    | 3 4 6 |  6.3
Dodging        | 3 4 6 |  6.3
Translocations | 2 4 |  4.7

Action                     |  1- 3 |  4- 6 |  7- 9 | 10-12 || total
---------------------------+-------+-------+-------+-------++-------
  Melee: Unarmed           |    57 |    69 |   165 |   197 ||   488
         Constrict         |    16 |    19 |    46 |    43 ||   124
         Tentacles         |     6 |    16 |    44 |    43 ||   109
         Punch             |     1 |     1 |     8 |    15 ||    25
  Throw: Dart              |       |       |     6 |    36 ||    42
   Cast: Blink             |       |       |       |     1 ||     1
 Invoke: Recall Ancestor   |     1 |     1 |       |     5 ||     7
         Ancestor Life: Ba |       |       |     1 |       ||     1
  Evoke: Wand              |       |       |     4 |    10 ||    14
    Use: Potion            |       |     2 |       |       ||     2
         Scroll            |       |     1 |     5 |     4 ||    10
   Stab: Sleeping          |     9 |    11 |    14 |     4 ||    38
         Distracted        |       |       |     5 |     4 ||     9
 Armour: Skin              |     3 |     6 |     6 |     3 ||    18
  Dodge: Dodged            |    35 |    32 |    90 |   163 ||   320

Table legend: (Time is in decaauts)
 A = Elapsed time spent in this place.
 B = Non-inter-level travel time spent in this place.
 C = Inter-level travel time spent in this place.
 D = Time resting spent in this place.
 E = Time spent auto-exploring this place.
 F = Levels seen in this place.
 G = Mean time per level.
                   A        B        C        D        E       F      G
               +--------+--------+--------+--------+--------+-----+--------+
         Total |  14395 |  11478 |   2917 |   1299 |   7984 |  13 | 1107.3 |
       Dungeon |  14137 |  11220 |   2917 |   1290 |   7855 |  12 | 1178.1 |
         Sewer |    257 |    257 |      0 |      9 |    129 |   1 |  257.0 |
               +--------+--------+--------+--------+--------+-----+--------+

Top non-repeatable levels by time:
     D:3: 3671 daAuts
    D:11: 1322 daAuts
     D:9: 1266 daAuts
     D:7: 1254 daAuts
     D:2: 1060 daAuts
    D:10: 1029 daAuts
     D:8: 966 daAuts
     D:5: 957 daAuts
     D:6: 931 daAuts
     D:4: 857 daAuts
     D:1: 650 daAuts
   Sewer: 257 daAuts
    D:12: 170 daAuts
